 Dungeon Sprint DCSS version 0.31-a0-744-gbc345e7fcb (webtiles) character file.

Game seed: 14360580008560977285

56 rocky1 the Grappler (level 7, -7/62 HPs)
             Began as a Grey Draconian Shapeshifter on Sept 14, 2023.
             Was a Believer of Okawaru.
             Mangled by a merfolk
             ... wielding a +0 trident
              (22 damage)
             ... in the Dungeon (Sprint VI: "Thunderdome").
             The game lasted 00:03:57 (395 turns).

rocky1 the Grappler (Grey Draconian Shapeshifter)    Turns: 395, Time: 00:03:58

Health: -7/62      AC: 11    Str: 16    XL:     7   Next: 45%
Magic:  7/7        EV: 12    Int: 10    God:    Okawaru [**....]
Gold:   91         SH:  0    Dex: 13    Spells: 6/6 levels left

rFire   . .          .
                       - Unarmed
rCold   . . .        (no shield)
rNeg    . . .        (body armour unavailable)
rPois   .            (helmet currently unavailable)
rElec   .            (cloak currently unavailable)
rCorr   .            (gloves currently unavailable)
SInv    .            (boots currently unavailable)
Will    .....        (no amulet)
Stlth   +            (no ring)
HPRegen 0.30/turn    (no ring)
MPRegen 0.10/turn

%: no teleportation
@: beast-form
A: beast (slay +4), AC +11, amphibious, unfitting armour, cold-blooded
a: Begin Untransformation, Renounce Religion, Heroism


You were in the Dungeon.
You worshipped Okawaru.
Okawaru was pleased with you.
You were a hulking beast.
You visited 1 branch You collected 280 gold pieces.
You spent 189 gold pieces at shops.

Inventory:

Talismans
 b - a beast talisman (active)
 c - a flux talisman
Wands
 k - a wand of acid (3)
Scrolls
 i - 2 scrolls of blinking
 m - 3 scrolls of fog
Potions
 a - a potion of lignification
 d - 4 potions of curing
 e - 6 potions of heal wounds
 f - 4 potions of haste
 g - 2 potions of magic
 h - a potion of berserk rage
 j - a potion of resistance


   Skills:
 + Level 5.7 Fighting
 + Level 1.7 Dodging
 * Level 12.4 Unarmed Combat
 + Level 0.0 Invocations
 * Level 9.6 Shapeshifting


You had 6 spell levels left.
You didn't know any spells.
Your spell library was empty.

Dungeon Overview and Level Annotations

Branches:
Dungeon (1/1)

Altars:
Cheibriados
Dithmenos
Fedhas
Gozag
Kikubaaqudgha
Makhleb
Okawaru
Qazlal
Ru
Sif Muna
Trog
Uskayaw
Vehumet
Wu Jian
Xom
Yredelemnul
Zin
The Shining One
Lugonu

Shops:
D *[=??*?*:[((!!!!


Innate Abilities, Weirdness & Mutations

You are a hulking beast.
Your limbs bulge with bestial killing power. (Slay +4)
Your dull iron-grey scales are very hard. (AC +11)
You are amphibious.
You cannot fit into any form of body armour.
You are cold-blooded and may be slowed by cold attacks.


Message History

ROUND 3!
FIGHT!
A merfolk comes into view. It is wielding a +0 trident.
Aiming: Corrosive Bolt
Press: ? - help, Shift-Dir - straight line, f - you
Okay, then.
Unknown command.
Unknown command.
Aiming: Corrosive Bolt
Press: ? - help, Shift-Dir - straight line, f - merfolk
Aim: a merfolk, wielding a +0 trident (64% to hit)
The bolt of acid hits the merfolk!
The acid corrodes the merfolk!
The merfolk is moderately wounded.
The merfolk barely misses you.
Unknown command.
The merfolk hits you with a +0 trident!
You punch the merfolk!
The merfolk is moderately wounded.
You hit the merfolk.
The merfolk is moderately wounded.
The merfolk hits you with a +0 trident.
You hit the merfolk.
The merfolk is heavily wounded.
The merfolk hits you with a +0 trident!
You closely miss the merfolk.
The merfolk is heavily wounded.
The merfolk misses you.
You pummel the merfolk!!
The merfolk is severely wounded.
You hit the merfolk.
Your tail-slap misses the merfolk.
The merfolk is almost dead.
The merfolk hits you with a +0 trident!!
* * * LOW HITPOINT WARNING * * *
You completely miss the merfolk.
Your tail-slap misses the merfolk.
The merfolk is almost dead.
The merfolk barely misses you.
You closely miss the merfolk.
The merfolk is almost dead.
The merfolk is no longer covered in acid.
The merfolk hits you with a +0 trident!!
You die...

#⌠..........# #.<.# #..........⌠#
#⌠.........÷###...###..........⌠#
##.............###.............##
###∩........8.# #.8........∩###
##∩___......###......__.∩##
######.8.........8.######
#⌠...........⌠# ###.........###
#_...hm.._# #_......._#
#_......._# #∩.......∩#
##∩.....∩## ##.....## ##⌠⌠⌠##
#####


You could see a merfolk.

Vanquished Creatures
  A redback (D)
  A water moccasin (D)
  A phantom (D)
  3 necrophages (D)
  3 scorpions (D)
  A killer bee (D)
  An adder zombie (D)
  A quokka zombie (D)
12 creatures vanquished.

Notes
Turn   | Place    | Note
-------+----------+-------------------------------------------
     0 | D        | rocky1 the Draconian Shapeshifter began the quest for the
                  | Orb.
     0 | D        | Reached XP level 1. HP: 16/16 MP: 1/1
     3 | D        | Found a basalt altar of Yredelemnul.
     3 | D        | Found a snail-covered altar of Cheibriados.
     4 | D        | Found a radiant altar of Vehumet.
     4 | D        | Found a blossoming altar of Fedhas.
     5 | D        | Found an ornate altar of the Wu Jian Council.
     5 | D        | Found an opulent altar of Gozag.
     5 | D        | Round 1.
     6 | D        | Found a corrupted altar of Lugonu.
     6 | D        | Found a stormy altar of Qazlal.
     6 | D        | Found Deajubb's Weapon Rack.
     6 | D        | Found Moprot's Premium Goods.
     6 | D        | Noticed a killer bee
     7 | D        | Found Legipab's Basic Armour.
     7 | D        | Found Ziphia Exza's Miscellaneous Merchandise.
     8 | D        | Killed a killer bee
     9 | D        | Reached skill level 6 in Unarmed Combat
     9 | D        | Reached XP level 2. HP: 23/23 MP: 2/2
     9 | D        | Reached XP level 3. HP: 28/28 MP: 3/3
    10 | D        | Found a glowing golden altar of the Shining One.
    11 | D        | Found a sacrificial altar of Ru.
    12 | D        | Found a shadowy altar of Dithmenos.
    13 | D        | Found Poqohim's Identification Station.
    15 | D        | Found a hide-covered altar of Uskayaw.
    15 | D        | Found a shimmering altar of Xom.
    15 | D        | Found a shimmering blue altar of Sif Muna.
    15 | D        | Found Haimeom's Timeless Talismans.
    16 | D        | Found Dusalune's Advanced Armour.
    16 | D        | Found Bewukep's Jewellery.
    29 | D        | Found Jaugrewu's Magic Scroll Shop.
    31 | D        | Found an ancient bone altar of Kikubaaqudgha.
    31 | D        | Found a bloodstained altar of Trog.
    31 | D        | Found Jisuj's Staff Store.
    33 | D        | Noticed a water moccasin
    38 | D        | Killed a water moccasin
    39 | D        | Reached skill level 9 in Unarmed Combat
    39 | D        | Reached XP level 4. HP: 22/35 MP: 4/4
    39 | D        | Reached XP level 5. HP: 25/40 MP: 5/5
    48 | D        | Reached skill level 10 in Unarmed Combat
    62 | D        | Found Vosiczai's Do-It-Yourself Clinic.
    64 | D        | Found Juequr's Bottled Wisdom.
    64 | D        | Found Lewor's Distillery.
    64 | D        | Found a burning altar of Makhleb.
    64 | D        | Found a glowing silver altar of Zin.
    64 | D        | Found an iron altar of Okawaru.
    64 | D        | Found Sucuo's Distillery.
    73 | D        | Became a worshipper of Warmaster Okawaru
    96 | D        | Found Doacam's Must-Have Magic.
    96 | D        | Found Walualon's Magic Scroll Shop.
   110 | D        | Reached XP level 6. HP: 50/50 MP: 6/6
   128 | D        | Noticed a redback
   134 | D        | Killed a redback
   134 | D        | Reached * piety under Okawaru
   135 | D        | Reached skill level 11 in Unarmed Combat
   138 | D        | Bought 4 potions of curing for 84 gold pieces
   138 | D        | Bought 3 potions of heal wounds for 105 gold pieces
   145 | D        | Arena points: 14 (+14) [x2]
   210 | D        | Round 2.
   276 | D        | Your scales start taking on a dull iron-grey colour.
   276 | D        | Reached XP level 7. HP: 48/60 MP: 7/7
   296 | D        | Reached skill level 5 in Fighting
   306 | D        | Reached skill level 12 in Unarmed Combat
   333 | D        | Reached ** piety under Okawaru
   333 | D        | Arena points: 56 (+42) [x3]
   376 | D        | Round 3.
   380 | D        | Noticed a merfolk
   395 | D        | Mangled by a merfolk

Illustrated notes

Levels and vault maps discovered:
D:        arena_sprint

Skill      XL: |  1  2  3  4  5  6  7 |
---------------+----------------------+-----
Unarmed Combat | 6 9 10 11 12 | 12.4
Shapeshifting  | 4 6 7 8 9 |  9.6
Fighting       | 2 4 5 |  5.7
Dodging        | |  1.7

Action                     |  1- 3 |  4- 6 |  7- 9 || total
---------------------------+-------+-------+-------++-------
  Melee: Unarmed           |       |    23 |    20 ||    43
         Punch             |       |     2 |     1 ||     3
         Tailslap          |       |     2 |       ||     2
  Evoke: Wand              |     4 |     2 |     1 ||     7
    Use: Potion            |       |     2 |       ||     2
         Scroll            |       |     2 |       ||     2
 Armour: Skin              |     2 |    12 |     7 ||    21
  Dodge: Dodged            |       |    10 |     9 ||    19

Table legend: (Time is in decaauts)
 A = Elapsed time spent in this place.
 B = Non-inter-level travel time spent in this place.
 C = Inter-level travel time spent in this place.
 D = Time resting spent in this place.
 E = Time spent auto-exploring this place.
 F = Levels seen in this place.
 G = Mean time per level.
                   A        B        C        D        E       F      G
               +--------+--------+--------+--------+--------+-----+--------+
         Total |    386 |    386 |      0 |    150 |      0 |   1 |  386.0 |
       Dungeon |    386 |    386 |      0 |    150 |      0 |   1 |  386.0 |
               +--------+--------+--------+--------+--------+-----+--------+

Top non-repeatable levels by time:
       D: 386 daAuts
